 Dungeon Crawl Stone Soup version 0.23.2-40-g277498a (webtiles) character file.

Game seed: 6301140704153140172

149468 zhovat1 the Warrior (level 17, 0/156 HPs)
             Began as a Hill Orc Fighter on Aug 20, 2019.
             Was a Believer of Uskayaw.
             Slain by a spriggan rider
             ... wielding a +0 spear of flaming
              (6 damage)
             ... on level 3 of the Swamp.
             The game lasted 00:52:21 (40230 turns).

zhovat1 the Warrior (Hill Orc Fighter)             Turns: 40230, Time: 00:52:21

Health: 0/156      AC: 17    Str: 26    XL:     17   Next: 51%
Magic:  26/26      EV: 10    Int: 11    God:    Uskayaw [**....]
Gold:   2500       SH: 22    Dex: 10    Spells: 16/16 levels left

rFire    + . .     SeeInvis +   O - +8 mace of the Peculiar Places {vamp, rElec MR+ SInv}
rCold    . . .     Gourm    .   m - +2 large shield
rNeg     + + .     Faith    .   q - +5 ring mail of Jixy {rN+ MR+ Int+3}
rPois    .         Spirit   .   e - +1 hat
rElec    +         Reflect  .   u - +2 cloak
rCorr    .         Harm     .   (no gloves)
MR       ++++.                  (no boots)
Stlth    ..........             (no amulet)
HPRegen  0.36/turn              C - ring of Ru's Castigation {rF+ rN+}
MPRegen  0.20/turn              p - ring of protection from magic

@: lethally poisoned (0 -> -19), grasped by roots, slowed, constricted, very
slow
A: screaming 1
a: Stomp, Line Pass, Renounce Religion


You were on level 3 of the Swamp.
You worshipped Uskayaw.
Uskayaw was pleased with you.
You were hungry.

You visited 6 branches of the dungeon, and saw 28 of its levels.

You collected 2959 gold pieces.
You spent 459 gold pieces at shops.

Inventory:

Hand Weapons
 j - a +6 demon whip
 O - the +8 mace of the Peculiar Places (weapon) {vamp, rElec MR+ SInv}
   (You found it on level 4 of the Dungeon)

   It inflicts no extra harm, but heals its wielder when it wounds a living foe.
   It insulates you from electricity.
   It affects your resistance to hostile enchantments.
   It lets you see invisible.
 V - the +2 whip of Oenomania {flame, rN+ Dex+6}
   (You found it on level 1 of the Swamp)

   It has been specially enchanted to burn those struck by it, causing extra
   injury to most foes and up to half again as much damage against particularly
   susceptible opponents.
   It affects your dexterity (+6).
   It protects you from negative energy.
Armour
 a - the +1 plate armour of Eternal Vigilance {+Inv}
   (You found it on level 4 of the Dungeon)

   It lets you turn invisible.
 e - a +1 hat (worn)
 l - +0 swamp dragon scales
 m - a +2 large shield (worn)
 q - the +5 ring mail of Jixy (worn) {rN+ MR+ Int+3}
   (You bought it in a shop on level 2 of the Orcish Mines)

   It affects your intelligence (+3).
   It protects you from negative energy.
   It affects your resistance to hostile enchantments.
 u - a +2 cloak (worn)
 R - the +6 scale mail of Daffodils {Int+2}
   (You bought it in a shop on level 2 of the Orcish Mines)

   It affects your intelligence (+2).
Jewellery
 p - a ring of protection from magic (right hand)
 v - an uncursed ring of protection from magic
 C - the ring of Ru's Castigation (left hand) {rF+ rN+}
   (You found it on level 9 of the Dungeon)

   [ring of protection from fire]

   It protects you from fire.
   It protects you from negative energy.
 J - an uncursed ring of ice
 N - an uncursed ring of resist corrosion
Wands
 d - a wand of paralysis (7)
 k - a wand of random effects (23)
 r - a wand of digging (9)
 x - a wand of polymorph (8)
 y - a wand of acid (17)
 z - a wand of iceblast (15)
 D - a wand of clouds (5)
 H - a wand of scattershot (9)
 L - a wand of disintegration (12)
 M - a wand of flame (64)
 Q - a wand of enslavement (18)
Scrolls
 g - a scroll of acquirement {unknown}
 h - 2 scrolls of magic mapping
 i - 11 scrolls of identify
 n - 10 scrolls of remove curse
 s - 5 scrolls of fog
 w - 2 scrolls of fear
 F - 6 scrolls of amnesia
 I - 4 scrolls of teleportation
 P - 3 scrolls of blinking
 T - a scroll of silence
 U - a scroll of holy word {unknown}
 W - a scroll of enchant armour
Potions
 b - 6 potions of brilliance
 c - a potion of lignification
 o - 5 potions of ambrosia
 t - 2 potions of magic
 A - 2 potions of resistance
 B - 2 potions of agility
 K - 2 potions of heal wounds
 S - a potion of curing
Miscellaneous
 E - a phantom mirror
 G - a sack of spiders
Comestibles
 f - 31 rations


   Skills:
 * Level 15.2 Fighting
 - Level 14.0 Maces & Flails
 + Level 13.1 Armour
 + Level 10.0 Dodging
 * Level 14.0 Shields
 + Level 13.2 Invocations
 + Level 11.0 Evocations


You had 16 spell levels left.
You didn't know any spells.
Your spell library contained the following spells:

 Spells                   Type           Power        Failure   Level  Hunger
 Animate Skeleton         Necr           N/A          89%         1    ##.....
 Apportation              Tloc           #.....       89%         1    ##.....
 Confusing Touch          Hex            #.....       89%         1    ##.....
 Magic Dart               Conj           #...         89%         1    ##.....
 Pain                     Necr           #...         89%         1    ##.....
 Summon Small Mammal      Summ           #...         89%         1    ##.....
 Blink                    Tloc           N/A          96%         2    ###....
 Call Imp                 Summ           #.......     96%         2    ###....
 Poisonous Vapours        Pois/Air       #.....       96%         2    ###....
 Searing Ray              Conj           #.....       96%         2    ###....
 Slow                     Hex            #.......     96%         2    ###....
 Throw Flame              Conj/Fire      #.....       96%         2    ###....
 Call Canine Familiar     Summ           #.......     99%         3    ####...
 Conjure Flame            Conj/Fire      #.......     99%         3    ####...
 Dazzling Spray           Conj/Hex       #.....       99%         3    ####...
 Mephitic Cloud           Conj/Pois/Air  #.......     99%         3    ####...
 Recall                   Summ/Tloc      N/A          99%         3    ####...
 Regeneration             Chrm/Necr      #.........   99%         3    ####...
 Summon Guardian Golem    Hex/Summ       #.......     99%         3    ####...
 Vampiric Draining        Necr           #.........   99%         3    ####...
 Animate Dead             Necr           N/A          100%        4    #####..
 Force Lance              Conj/Tloc      #.......     100%        4    #####..
 Fulminant Prism          Conj/Hex       #.........   100%        4    #####..
 Ice Form                 Ice/Tmut       #.......     100%        4    #####..
 Iskenderun's Mystic Bla  Conj           #.......     100%        4    #####..
 Summon Ice Beast         Ice/Summ       #.......     100%        4    #####..
 Summon Lightning Spire   Summ/Air       #.......     100%        4    #####..
 Bolt of Magma            Conj/Fire/Erth #.........   100%        5    ######.
 Borgnjor's Vile Clutch   Necr/Erth      #.........   100%        5    ######.
 Iskenderun's Battlesphe  Conj/Chrm      #.......     100%        5    ######.
 Metabolic Englaciation   Hex/Ice        #.........   100%        5    ######.
 Venom Bolt               Conj/Pois      #.........   100%        5    ######.
 Bolt of Cold             Conj/Ice       #.........   100%        6    #######
 Death Channel            Necr           #.........   100%        6    #######
 Freezing Cloud           Conj/Ice/Air   #.........   100%        6    #######
 Iron Shot                Conj/Erth      #.........   100%        6    #######
 Ozocubu's Refrigeration  Ice            #.........   100%        6    #######
 Simulacrum               Ice/Necr       #.........   100%        6    #######
 Orb of Destruction       Conj           #.........   100%        7    #######
 Ring of Flames           Chrm/Fire      #.........   100%        7    #######
 Spellforged Servitor     Conj/Summ      #.........   100%        7    #######
 Summon Hydra             Summ           #.........   100%        7    #######


Dungeon Overview and Level Annotations

Branches:
Dungeon (15/15)            Temple (1/1) D:6            Lair (6/6) D:10
  Swamp (3/4) Lair:2       Spider (0/4) Lair:3        Slime (0/5) Lair:6
    Orc (2/2) D:10            Elf (1/3) Orc:2        Vaults (0/5) D:13
 Depths (0/5) D:15

Altars:
Ashenzari
Cheibriados
Dithmenos
Elyvilon
Fedhas
Gozag
Hepliaklqana
Kikubaaqudgha
Makhleb
Nemelex Xobeh
Okawaru
Qazlal
Ru
Sif Muna
Trog
Uskayaw
Vehumet
Wu Jian
Xom
Yredelemnul
Zin
The Shining One
Beogh

Shops:
D:4 *   D:15 %   Orc:2 :([*

Annotations:
D:5 1 runed translucent door
D:7 3 runed translucent doors, zhovat1's ghost, novice HOFi
Swamp:2 1 runed translucent door, davecave's ghost, journeyman MiGl


Innate Abilities, Weirdness & Mutations

You occasionally shout uncontrollably at your foes.


Message History

Unknown command.
You feel much better.
You feel sick. You block the hornet's attack. x2
The hornet stings you but does no damage.
The spriggan rider hits you from afar with a +0 spear of flaming.
* * * LOW HITPOINT WARNING * * *
The shambling mangrove barely misses you.
* * * LOW HITPOINT WARNING * * *
The grasping roots constrict you!
A tyrant leech comes into view.
The five-headed hydra bites you but does no damage.
You block the five-headed hydra's attack. x2
The five-headed hydra bites you!
* * * LOW HITPOINT WARNING * * *
The five-headed hydra closely misses you.
The hornet stings you.
* * * LOW HITPOINT WARNING * * *
You are more poisoned.
You feel as though you will be slow longer.
The spriggan rider hits you from afar with a +0 spear of flaming.
You die...

♣.≈≈≈....♣≈.≈≈≈≈≈≈.♣
≈..≈♣..(......≈≈≈≈≈♣
...≈..##..###..≈....
≈§....##..# .....♣♣
≈..#.....###....♣♣
♣.....#......♣♣♣♣
♣.....(...♣♣♣♣
♣.#.#...y♣♣
♣...#.y@..♣ ..#
#.fD≈..≈.≈. ...
#i.......(≈ ♣≈
....#.....≈≈.
.#..##..#.#... ♣ ...
#....#..≈ ....
....## ≈≈ ♣§≈.. ....


You could see a shambling mangrove, a five-headed hydra, a spriggan rider and 2
hornets.

Vanquished Creatures
  Saint Roka (Orc:2)
  Jorgrun (Swamp:3)
  Gastronok (Lair:3)
  A deep elf sorcerer (Elf:1)
  An orc warlord (Orc:2)
  A very ugly thing (Swamp:2)
  Snorg (Lair:4)
  2 ettins
  Josephine (D:12)
  Fannar (Orc:1)
  A fire dragon (Lair:6)
  9 hydras
  An ogre mage (D:15)
  6 centaur warriors
  5 alligators (Swamp:2)
  3 dancing weapons (Elf:1)
  A catoblepas (Lair:5)
  A queen ant (Lair:2)
  7 two-headed ogres
  17 death yaks
  2 orc high priests (Orc:2)
  3 deep elf knights (Elf:1)
  Urug (Lair:4)
  A hell knight (D:15)
  9 skeletal warriors
  2 unseen horrors
  2 swamp dragons
  3 deep elf archers (Elf:1)
  2 orc knights
  34 deep elf magi
  An orc sorcerer (Elf:1)
  4 manticores
  17 ugly things
  2 cyclopes (D:12)
  17 elephants
  3 black mambas
  13 spiny frogs
  A torpor snail (Lair:6)
  3 gargoyles
  3 komodo dragons
  13 rime drakes
  4 kobold demonologists
  A tengu conjurer (D:13)
  A polar bear (Lair:3)
  A troll (shapeshifter) (Elf:1)
  2 hornets
  5 trolls
  7 tyrant leeches
  A hornet (shapeshifter) (D:13)
  4 hippogriffs
  20 slime creatures
  13 bog bodies
  4 dream sheep
  2 air elementals (Elf:1)
  A shadow (D:14)
  2 water elementals (Elf:1)
  Sigmund (D:3)
  4 wyverns
  2 spriggans
  6 wraiths (D:12)
  A vampire (D:14)
  4 hogs (D:9)
  6 basilisks
  52 yaks
  A human (D:9)
  3 fire elementals (Elf:1)
  A hungry ghost (D:12)
  Menkaure (D:7)
  9 steam dragons (Lair:3)
  Grum (D:9)
  19 vampire mosquitoes
  4 wargs
  21 soldier ants
  Edmund (D:4)
  3 acid dragons
  A swamp worm (shapeshifter) (D:13)
  11 swamp worms
  Duvessa (D:4)
  7 water moccasins
  5 porcupines
  43 orc warriors
  6 swamp drakes
  3 black bears
  9 ogres
  3 ice beasts
  A necrophage (D:9)
  2 phantoms
  8 sky beasts
  11 wolves
  10 centaurs
  13 crocodiles
  3 big kobolds
  8 bullfrogs
  A big kobold (shapeshifter) (D:13)
  2 earth elementals (Elf:1)
  Dowan (D:4)
  A wyvern skeleton (D:14)
  6 scorpions
  17 killer bees
  5 wights (D:12)
  An electric eel (Lair:4)
  4 crimson imps
  2 howler monkeys
  4 centaur zombies
  2 bullfrog zombies
  7 hounds
  A lava snake (D:14)
  A quasit (D:7)
  A bullfrog skeleton (D:6)
  2 centaur skeletons
  4 jellies
  22 orc priests
  Jessica (D:2)
  6 iguanas
  2 hell rats (D:10)
  22 orc wizards
  31 worker ants
  A hound zombie (D:6)
  2 hound skeletons
  2 worker ant zombies
  7 gnolls
  16 adders
  A river rat (D:10)
  4 shadow imps
  An adder zombie (D:6)
  An adder skeleton (D:6)
  3 worms (D:2)
  2 dart slugs
  9 leopard geckos
  113 orcs
  3 ball pythons
  10 giant cockroaches
  5 goblins
  9 hobgoblins
  8 jackals
  7 quokkas
  14 bats
  5 frilled lizards
  11 kobolds
  A leopard gecko skeleton (D:4)
  A leopard gecko zombie (D:6)
  2 quokka skeletons
  A quokka zombie (D:6)
  12 rats
948 creatures vanquished.

Vanquished Creatures (others)
  A deep elf archer (Elf:1)
  A swamp drake (Swamp:2)
  An orc wizard (D:9)
  2 orcs (D:12)
  9 fungi
  5 plants
19 creatures vanquished.

Grand Total: 967 creatures vanquished

Notes
Turn   | Place    | Note
-------+----------+-------------------------------------------
     0 | D:1      | zhovat1 the Hill Orc Fighter began the quest for the Orb.
     0 | D:1      | Reached XP level 1. HP: 19/19 MP: 1/1
   471 | D:1      | Reached XP level 2. HP: 27/27 MP: 2/2
   676 | D:1      | Reached XP level 3. HP: 21/33 MP: 3/3
  1033 | D:2      | Reached skill level 4 in Fighting
  1033 | D:2      | Reached XP level 4. HP: 35/40 MP: 4/4
  1081 | D:2      | Noticed Jessica
  1089 | D:2      | Killed Jessica
  1089 | D:2      | Reached skill level 1 in Dodging
  1650 | D:2      | Found a blossoming altar of Fedhas.
  1879 | D:2      | Reached XP level 5. HP: 46/46 MP: 5/5
  2075 | D:2      | Found an ancient bone altar of Kikubaaqudgha.
  2075 | D:2      | Found an opulent altar of Gozag.
  3034 | D:3      | Noticed Sigmund
  3044 | D:3      | Killed Sigmund
  3044 | D:3      | Reached XP level 6. HP: 47/53 MP: 6/6
  3430 | D:4      | Noticed Dowan
  3431 | D:4      | Noticed Duvessa
  3463 | D:4      | Killed Duvessa
  3463 | D:4      | Reached skill level 5 in Maces & Flails
  3463 | D:4      | Reached XP level 7. HP: 55/60 MP: 7/7
  3469 | D:4      | Killed Dowan
  3469 | D:4      | Reached skill level 5 in Fighting
  3777 | D:4      | Found Mitoodiwk's Assorted Antiques.
  3878 | D:4      | Noticed Edmund
  3896 | D:4      | Killed Edmund
  3896 | D:4      | Reached skill level 5 in Armour
  3896 | D:4      | Reached skill level 5 in Shields
  3905 | D:4      | Got a smoking plate armour
  3916 | D:4      | Identified the cursed +1 plate armour of Eternal Vigilance
                  | {+Inv} (You found it on level 4 of the Dungeon)
  4096 | D:4      | Found a glowing silver altar of Zin.
  4097 | D:4      | Noticed an angel
  4129 | D:4      | Reached XP level 8. HP: 28/69 MP: 8/8
  4388 | D:4      | Found a burning altar of Makhleb.
  4388 | D:4      | Noticed a yak
  4388 | D:4      | Noticed a yak
  4388 | D:4      | Noticed a yak
  4388 | D:4      | Noticed a yak
  4389 | D:4      | Noticed a yak
  4415 | D:4      | Killed a yak
  4422 | D:4      | Killed a yak
  4431 | D:4      | Killed a yak
  4431 | D:4      | Reached skill level 6 in Fighting
  4437 | D:4      | Killed a yak
  4448 | D:4      | Killed a yak
  4557 | D:5      | Entered Level 5 of the Dungeon
  4563 | D:5      | Reached XP level 9. HP: 74/78 MP: 9/9
  4600 | D:5      | Reached skill level 1 in Evocations
  4785 | D:5      | Found a basalt altar of Yredelemnul.
  4949 | D:5      | Found a white marble altar of Elyvilon.
  5344 | D:5      | Found a runed translucent door.
  5346 | D:5      | Found a runed translucent door.
  5360 | D:5      | Reached skill level 7 in Fighting
  6257 | D:6      | Found a staircase to the Ecumenical Temple.
  6272 | D:6      | Reached XP level 10. HP: 84/86 MP: 12/12
  6738 | D:7      | Noticed Menkaure
  6938 | Temple   | Entered the Ecumenical Temple
  6992 | Temple   | Became a worshipper of Uskayaw the Reveler
  7038 | D:6      | Reached * piety under Uskayaw
  7058 | D:7      | Reached ** piety under Uskayaw
  7105 | D:7      | Found a runed translucent gate.
  7105 | D:7      | Found a runed translucent gate.
  7106 | D:7      | Found a runed translucent gate.
  7185 | D:7      | Killed Menkaure
  7428 | D:7      | Noticed zhovat1's ghost (novice HOFi)
  7629 | D:7      | Reached skill level 1 in Invocations
  8195 | D:8      | Found a shimmering altar of Xom.
  8196 | D:8      | Found a hazy altar of Hepliaklqana.
  8197 | D:8      | Noticed a spectral ugly thing
  8455 | D:8      | Found an iron altar of Okawaru.
  8847 | D:9      | Reached *** piety under Uskayaw
  8862 | D:9      | Reached **** piety under Uskayaw
  8865 | D:9      | Reached ***** piety under Uskayaw
  8879 | D:9      | Reached skill level 8 in Fighting
  9074 | D:9      | Noticed a two-headed ogre
  9191 | D:9      | Killed a two-headed ogre
  9191 | D:9      | Reached skill level 5 in Dodging
  9252 | D:9      | Noticed Grum
  9472 | D:9      | Killed Grum
  9620 | D:9      | Reached skill level 10 in Maces & Flails
  9791 | D:9      | Reached XP level 11. HP: 78/95 MP: 14/14
  9977 | D:9      | Got an ancient glass ring
 10009 | D:9      | Found a shadowy altar of Dithmenos.
 10010 | D:9      | Found a burning altar of Makhleb.
 10011 | D:9      | Found a sacrificial altar of Ru.
 10157 | D:9      | Identified the ring of Ru's Castigation {rF+ rN+} (You
                  | found it on level 9 of the Dungeon)
 10479 | D:10     | Entered Level 10 of the Dungeon
 10687 | D:10     | Found a staircase to the Orcish Mines.
 10935 | D:10     | Noticed a death yak
 10967 | D:10     | Noticed a death yak
 10970 | D:10     | Killed a death yak
 10970 | D:10     | Noticed a death yak
 10983 | D:10     | Killed a death yak
 10995 | D:10     | Reached ****** piety under Uskayaw
 11005 | D:10     | Killed a death yak
 11286 | D:10     | Found a staircase to the Lair.
 11601 | D:11     | Noticed a two-headed ogre
 11611 | D:11     | Killed a two-headed ogre
 11611 | D:11     | Reached skill level 9 in Fighting
 11611 | D:11     | Reached skill level 5 in Evocations
 11626 | D:11     | Killed an unseen horror
 11712 | D:11     | Reached skill level 5 in Invocations
 11822 | D:11     | Noticed a sun demon
 11829 | D:11     | Noticed a four-headed hydra
 11969 | D:11     | Noticed a manticore
 11981 | D:11     | Killed a manticore
 12359 | D:11     | Killed a four-headed hydra
 12359 | D:11     | Reached XP level 12. HP: 63/104 MP: 16/16
 12945 | D:11     | Noticed a centaur warrior
 12962 | D:11     | Killed a centaur warrior
 13081 | D:11     | Noticed a two-headed ogre
 13092 | D:11     | Killed a two-headed ogre
 14136 | D:12     | Found a snail-covered altar of Cheibriados.
 14172 | D:12     | Noticed a two-headed ogre
 14186 | D:12     | Killed a two-headed ogre
 14344 | D:12     | Noticed a two-headed ogre
 14354 | D:12     | Killed a two-headed ogre
 14699 | Lair:1   | Entered Level 1 of the Lair of Beasts
 15412 | Lair:1   | Noticed a seven-headed hydra
 15429 | Lair:1   | HP: 4/106 [seven-headed hydra (7)]
 15430 | Lair:1   | Killed a seven-headed hydra
 15430 | Lair:1   | Reached skill level 10 in Fighting
 16118 | Lair:2   | Reached XP level 13. HP: 109/113 MP: 18/18
 16715 | Lair:2   | Found a staircase to the Swamp.
 17530 | D:4      | Got a crude mace
 17532 | D:4      | Identified the +8 mace of the Peculiar Places {vamp, rElec
                  | MR+ SInv} (You found it on level 4 of the Dungeon)
 17747 | Lair:3   | Found a hole to the Spider Nest.
 18123 | Lair:3   | Reached skill level 10 in Armour
 18326 | Lair:3   | Noticed Gastronok
 18350 | Lair:3   | Killed Gastronok
 18350 | Lair:3   | Reached skill level 10 in Shields
 19454 | Lair:3   | Reached skill level 11 in Fighting
 19593 | Lair:4   | Reached XP level 14. HP: 124/124 MP: 20/20
 19999 | Lair:4   | Noticed Urug
 20006 | Lair:4   | Noticed Snorg
 20025 | Lair:4   | Killed Urug
 20025 | Lair:4   | Killed Snorg
 21349 | Lair:5   | HP: 5/124 [catoblepas/blast of calcifying dust (2)]
 21356 | Lair:5   | HP: 6/124 [something/blast of calcifying dust (1)]
 22535 | D:12     | Noticed Josephine
 22551 | D:12     | Killed Josephine
 23081 | D:12     | HP: 1/124 [white ugly thing (35)]
 23864 | D:13     | Reached skill level 10 in Invocations
 24980 | D:13     | Found a gate to the Vaults.
 26062 | D:14     | Reached skill level 12 in Fighting
 26062 | D:14     | Reached XP level 15. HP: 129/132 MP: 22/22
 26972 | D:15     | Entered Level 15 of the Dungeon
 27838 | D:15     | Found a staircase to the Depths.
 28323 | D:15     | Got a pair of spiked boots
 28329 | D:15     | Identified the -2 pair of boots of Buumock {Dex+2} (You
                  | found it on level 15 of the Dungeon)
 28349 | D:15     | Found Ifi Belu's Food Boutique.
 28598 | D:15     | Found a shadowy altar of Dithmenos.
 29003 | Lair:6   | Entered Level 6 of the Lair of Beasts
 29776 | Lair:6   | Found a staircase to the Slime Pits.
 30113 | Lair:6   | Reached skill level 13 in Fighting
 30362 | Lair:6   | Reached XP level 16. HP: 141/143 MP: 24/24
 30904 | Lair:6   | Reached skill level 10 in Evocations
 31305 | Orc:1    | Entered Level 1 of the Orcish Mines
 31371 | Orc:1    | Noticed Fannar
 31505 | Orc:1    | Killed Fannar
 31788 | Orc:2    | Entered Level 2 of the Orcish Mines
 31791 | Orc:2    | Found a staircase to the Elven Halls.
 32959 | Orc:2    | Found a roughly hewn altar of Beogh.
 32993 | Orc:2    | Found Jiehuf's Assorted Antiques.
 32998 | Orc:2    | Bought a brightly glowing ring mail for 171 gold pieces
 33096 | Orc:2    | Identified the +5 ring mail of Jixy {rN+ MR+ Int+3} (You
                  | bought it in a shop on level 2 of the Orcish Mines)
 33220 | Orc:2    | Found a roughly hewn altar of Beogh.
 33342 | Orc:2    | Found Xirican's Book Emporium.
 33367 | Orc:2    | Found a roughly hewn altar of Beogh.
 33520 | Orc:2    | Noticed Saint Roka
 33565 | Orc:2    | Killed Saint Roka
 34156 | Orc:2    | Found Tucac's Antique Weapon Shoppe.
 34157 | Orc:2    | Found a roughly hewn altar of Beogh.
 34158 | Orc:2    | Found Ozirroaje's Antique Armour Emporium.
 34171 | Orc:2    | Bought an ancient scale mail for 288 gold pieces
 34257 | Orc:2    | Found a roughly hewn altar of Beogh.
 34289 | Orc:2    | Identified the +6 scale mail of Daffodils {Int+2} (You
                  | bought it in a shop on level 2 of the Orcish Mines)
 34356 | Elf:1    | Entered Level 1 of the Elven Halls
 34570 | Elf:1    | Reached skill level 14 in Fighting
 35036 | Elf:1    | Gained mutation: You occasionally shout uncontrollably at
                  | your foes. [a neqoxec]
 35764 | Elf:1    | Found a deep blue altar of Sif Muna.
 36056 | Elf:1    | Identified the Incunabulum of Creative Conjuration
 36146 | Elf:1    | Reached XP level 17. HP: 105/154 MP: 26/26
 36699 | Swamp:1  | Entered Level 1 of the Swamp
 36731 | Swamp:1  | Got an ancient whip
 36732 | Swamp:1  | Identified the +2 whip of Oenomania {flame, rN+ Dex+6} (You
                  | found it on level 1 of the Swamp)
 37888 | Swamp:2  | Found an ornate altar of the Wu Jian Council.
 38431 | Swamp:2  | Reached skill level 15 in Fighting
 39076 | Swamp:2  | Reached skill level 10 in Dodging
 39110 | Swamp:2  | Found a runed translucent door.
 39110 | Swamp:2  | Noticed davecave's ghost (journeyman MiGl)
 39633 | Swamp:2  | Noticed a tentacled monstrosity
 39695 | Swamp:3  | Noticed Jorgrun
 39711 | Swamp:3  | Killed Jorgrun
 40227 | Swamp:3  | Paralysed by a hornet for 1 turns
 40229 | Swamp:3  | HP: 7/156 [five-headed hydra (1)]
 40229 | Swamp:3  | HP: 2/156 [hornet[a shambling mangrove] (5)]
 40230 | Swamp:3  | Slain by a spriggan rider

Skill      XL: |  1  2  3  4  5  6  7  8  9 10 11 12 13 14 15 16 17 |
---------------+----------------------------------------------------+-----
Maces & Flails | 3 4 5 7 8 10 11 12 13 14 | 14.0
Fighting       | 4 5 6 7 8 9 10 11 12 13 14 15 | 15.2
Dodging        | 1 2 3 4 5 6 7 8 9 10 | 10.0
Armour         | 4 5 6 7 8 9 10 11 12 13 | 13.1
Shields        | 4 5 6 7 8 9 10 11 12 13 14 | 14.0
Evocations     | 3 4 5 6 7 8 9 10 11 | 11.0
Invocations    | 3 5 7 8 10 11 12 13 | 13.2

Action                   |  1- 3 |  4- 6 |  7- 9 | 10-12 | 13-15 | 16-18 || total
-------------------------+-------+-------+-------+-------+-------+-------++-------
Melee: Flail             |   151 |   252 |   455 |  1160 |   200 |       ||  2218
       Mace              |       |       |       |       |  1475 |  1451 ||  2926
Invok: Stomp             |       |       |       |     5 |       |       ||     5
       Line Pass         |       |       |       |     2 |     1 |     1 ||     4
  Use: Scroll            |     5 |     4 |     6 |    16 |    16 |       ||    47
       Potion            |       |     3 |     2 |     6 |     6 |     6 ||    23
 Stab: Paralysed         |       |       |       |    46 |   129 |   149 ||   324
       Invisible         |       |       |       |       |     2 |       ||     2
       Confused          |       |       |       |       |       |     1 ||     1
  Eat: Chunk             |     1 |     7 |    11 |    18 |    30 |    28 ||    95
       Ration            |       |       |       |     5 |     7 |     3 ||    15
Armor: Scale mail        |   136 |    86 |    29 |    60 |   364 |    14 ||   689
       Plate armour      |       |       |   181 |   517 |       |    35 ||   733
       Ring mail         |       |       |       |       |       |   231 ||   231
       Swamp dragon scal |       |       |       |       |       |    31 ||    31
Dodge: Dodged            |    72 |    55 |    60 |   207 |   307 |   412 ||  1113
Block: Shield            |   117 |     2 |       |       |       |       ||   119
       Large shield      |       |   193 |   380 |  1061 |  1257 |  1362 ||  4253
